 Dungeon Crawl Stone Soup version 0.31-a0-325-g067879e3d3 (webtiles) character file.

Game seed: 16430595307422899179

476 AdnanSaban the Cudgeller (level 7, -2/44 HPs)
             Began as a Gargoyle Fighter on July 18, 2023.
             Killed from afar by Natasha (7 damage)
             ... with a magic dart
             ... on level 3 of the Dungeon.
             The game lasted 00:06:34 (3549 turns).

AdnanSaban the Cudgeller (Gargoyle Fighter)         Turns: 3549, Time: 00:06:35

Health: -2/44      AC: 13    Str: 25    XL:     7   Next: 10%
Magic:  0/7        EV:  9    Int:  8    God:
Gold:   165        SH:  4    Dex:  8    Spells: 6/6 levels left

rFire   . . .        a - +0 flail
rCold   + . .        c - +0 buckler
rNeg    + . .        b - +0 scale mail
rPois   ∞            (helmet restricted)
rElec   +            l - +0 cloak
rCorr   .            (no gloves)
SInv    .            i - +0 pair of boots
Will    .....        g - amulet of guardian spirit Stlth
                     (no ring)
HPRegen 0.27/turn    (no ring)
MPRegen 0.10/turn

%: guardian spirit
@: no status effects
A: sickness immunity, AC +4, negative energy resistance 1, electricity
resistance, torment resistance 1, petrification resistance, horns 1, iridescent
scales 1, cold resistance 1, deformed body, strong 1
a: no special abilities


You were on level 3 of the Dungeon.
You visited 1 branch of the dungeon, and saw 4 of its levels.
You also visited: Sewer.

You collected 165 gold pieces.

Inventory:

Hand Weapons
 a - a +0 flail (weapon)
Armour
 b - a +0 scale mail (worn)
 c - a +0 buckler (worn)
 f - a +0 helmet
 i - a +0 pair of boots (worn)
 l - a +0 cloak (worn)
Jewellery
 g - an amulet of guardian spirit (around neck)
Scrolls
 e - 2 scrolls of immolation {unknown}
 k - 2 scrolls of teleportation {unknown}
 o - 5 scrolls of identify {unknown}
 p - a scroll of acquirement {unknown}
 q - 3 scrolls of fear {unknown}
 r - a scroll of poison {unknown}
 s - 2 scrolls of summoning {unknown}
Potions
 d - a potion of might
 h - 2 potions of curing {unknown}
 j - a potion of lignification {unknown}
 m - a potion of heal wounds {unknown}
 n - a potion of attraction {unknown}
 t - 6 potions of enlightenment
 u - a potion of ambrosia {unknown}


   Skills:
 + Level 4.6 Fighting
 + Level 5.0 Maces & Flails
 + Level 4.9 Armour
 + Level 4.6 Shields


You had 6 spell levels left.
You didn't know any spells.
Your spell library was empty.

Dungeon Overview and Level Annotations

Branches:
Dungeon (4/15)              Sewer (visited)
 Temple: D:4-7

Altars:
Kikubaaqudgha

Annotations:
D:3 Natasha


Innate Abilities, Weirdness & Mutations

You are immune to sickness and miasma.
Your stone body is resilient. (AC +4)
You are immune to poison.
You resist negative energy. (rN+)
You are resistant to electric shocks. (rElec)
You are resistant to unholy torment.
You are immune to petrification.
You have a pair of small horns on your head.
You are partially covered in iridescent scales. (AC +2)
Your flesh is cold resistant. (rC+)
Armour fits poorly on your strangely shaped body.
Your muscles are strong. (Str +4, Int/Dex -1)


Message History

You kill the kobold!
Natasha stares at you and mumbles some strange words.
The magic dart hits you!
* * * LOW HITPOINT WARNING * * *
The gnoll hits you but does no damage. Natasha attacks as you move away!
Natasha claws you but does no damage. Natasha casts a spell at you.
The magic dart hits you but does no damage.
Things that are here:
a +0 dagger; 11 gold pieces Natasha casts a spell at you.
You resist with some effort.
Natasha stares at you and mumbles some strange words.
You feel yourself slow down.
Natasha casts a spell.
Natasha wildly gestures.
You feel disoriented.
The cerulean imp hits you but does no damage.
Natasha casts a spell.
The cerulean imp hits you but does no damage.
Natasha wildly gestures.
You feel troubled.
Natasha casts a spell.
The cerulean imp hits you but does no damage.
The cerulean imp hits you but does no damage.
Natasha wildly gestures.
Natasha glows brightly for a moment.
The cerulean imp barely misses you.
The cerulean imp hits you but does no damage.
The cerulean imp hits you from afar with a +2 spear.
* * * LOW HITPOINT WARNING * * *
The cerulean imp hits you but does no damage.
The cerulean imp hits you from afar with a +2 spear.
* * * LOW HITPOINT WARNING * * *
The cerulean imp barely misses you. You block the cerulean imp's attack.
You feel yourself speed up.
The cerulean imp disappears in a puff of smoke!
Natasha stares at you and mumbles some strange words.
The magic dart hits you!
You die...

................#.............).
#.##....[..##.# .#.#...#..#### #.
#.##.......+..# ##..#...... #.
#.##.......##.# ###.#...).. #.
#.#....######.# ............. #.
#.#....# #.# ..............
#.##.#....######.#........#.....#
.....†...........#..# .##.#.....+
......†.........@...#.. ..##....#
............###........# #.....
##.####.....##..####'### #.....
##)####.....##5§# ~~ #.....
.............g5h# ~ #.....
#..########.....# +..... #..#
#.##..# #..... #†.# ######.##..#
### #..###..........# .###


You could see Natasha, a gnoll and 2 cerulean imps.

Vanquished Creatures
  A scorpion (D:4)
  An orc priest (D:3)
  Jessica (D:2)
  Natasha (twice) (D:3)
  Terence (D:3)
  3 river rats (Sewer)
  14 adders
  3 gnolls
  A worm (D:2)
  A dart slug (D:2)
  7 orcs
  8 ball pythons
  4 endoplasms
  3 giant cockroaches
  11 goblins
  7 hobgoblins
  6 jackals
  6 kobolds
  7 quokkas
  12 bats
  4 frilled lizards
  5 rats
108 creatures vanquished.

Notes
Turn   | Place    | Note
-------+----------+-------------------------------------------
     0 | D:1      | AdnanSaban the Gargoyle Fighter began the quest for the
                  | Orb.
     0 | D:1      | Reached XP level 1. HP: 14/14 MP: 1/1
    85 | D:1      | Reached XP level 2. HP: 14/19 MP: 2/2
   299 | D:1      | Found a faded altar of an unknown god.
   351 | D:1      | Found an ancient bone altar of Kikubaaqudgha.
   361 | D:1      | Reached XP level 3. HP: 22/24 MP: 3/3
  1071 | D:2      | Reached XP level 4. HP: 26/29 MP: 2/4
  1175 | D:2      | Reached skill level 3 in Maces & Flails
  1332 | D:2      | Noticed Jessica
  1338 | D:2      | Killed Jessica
  1339 | D:2      | Reached XP level 5. HP: 32/33 MP: 3/5
  1797 | D:4      | Found a glowing drain.
  1807 | Sewer    | Entered a sewer
  1995 | Sewer    | Gained mutation: You are frail. (-10% HP) [potion of
                  | mutation]
  1995 | Sewer    | Gained mutation: You are partially covered in iridescent
                  | scales. (AC +2) [potion of mutation]
  1995 | Sewer    | Gained mutation: You have a pair of small horns on your
                  | head. [potion of mutation]
  1996 | Sewer    | Lost mutation: You are frail. (-10% HP) [potion of
                  | mutation]
  1996 | Sewer    | Lost mutation: You have a pair of small horns on your head.
                  | [potion of mutation]
  1996 | Sewer    | Gained mutation: You occasionally lose the ability to drink
                  | potions when taking damage. [potion of mutation]
  1996 | Sewer    | Gained mutation: You have a pair of small horns on your
                  | head. [potion of mutation]
  1996 | Sewer    | Gained mutation: Your flesh is heat resistant. (rF+)
                  | [potion of mutation]
  2050 | Sewer    | HP: 1/33 [river rat (5)]
  2649 | D:4      | Lost mutation: Your flesh is heat resistant. (rF+) [potion
                  | of mutation]
  2649 | D:4      | Lost mutation: You occasionally lose the ability to drink
                  | potions when taking damage. [potion of mutation]
  2649 | D:4      | Gained mutation: Your flesh is cold resistant. (rC+)
                  | [potion of mutation]
  2649 | D:4      | Gained mutation: Your muscles are strong. (Str +4, Int/Dex
                  | -1) [potion of mutation]
  2649 | D:4      | Gained mutation: Armour fits poorly on your strangely
                  | shaped body. [potion of mutation]
  2663 | D:4      | Reached XP level 6. HP: 38/38 MP: 6/6
  2669 | D:4      | Reached skill level 4 in Maces & Flails
  3111 | D:3      | Noticed Terence
  3113 | D:3      | Noticed Natasha
  3120 | D:3      | Killed Terence
  3125 | D:3      | Killed Natasha
  3369 | D:3      | Noticed Natasha
  3383 | D:3      | Killed Natasha
  3384 | D:3      | Reached skill level 5 in Maces & Flails
  3384 | D:3      | Reached XP level 7. HP: 22/44 MP: 4/7
  3505 | D:3      | Noticed Natasha
  3549 | D:3      | Killed from afar by Natasha

Illustrated notes

Levels and vault maps discovered:
D:1:      lightli_arrival_statuegarden, layout_rooms, basic_ecumenical_altar,
          hangedman_decor_points, chequers_hall_statues_corner_a,
          nicolae_kite_square_tiling_tiny, minmay_misc_feat_diagonals,
          ebering_dispersal_statue_hall, dk_noncrumbling_3, minmay_hexomino_r4
D:2:      layout_basic, uniq_jessica
D:3:      layout_basic, dreamdust_mushroom_princess, kennysheep_generic_room_8,
          uniq_crazy_yiuf_cottage, uniq_natasha, uniq_terence
D:4:      layout_basic, nemelex_diamond_rough_becter,
          cheibrodos_sewer_entry_drain, nicolae_shop_i_like_big_books

Skill      XL: |  1  2  3  4  5  6 |
---------------+-------------------+-----
Maces & Flails | 3 5 |  5.0
Armour         | 4 |  4.9
Shields        | 4 |  4.6
Fighting       | 4 |  4.6

Action                     |  1- 3 |  4- 6 |  7- 9 || total
---------------------------+-------+-------+-------++-------
  Melee: Flail             |   127 |   247 |    23 ||   397
         Headbutt          |       |    25 |     1 ||    26
    Use: Potion            |       |     3 |       ||     3
 Armour: Scale mail        |   115 |   225 |    30 ||   370
  Dodge: Dodged            |    83 |   154 |    28 ||   265
  Block: Buckler           |    27 |    79 |     9 ||   115

Table legend: (Time is in decaauts)
 A = Elapsed time spent in this place.
 B = Non-inter-level travel time spent in this place.
 C = Inter-level travel time spent in this place.
 D = Time resting spent in this place.
 E = Time spent auto-exploring this place.
 F = Levels seen in this place.
 G = Mean time per level.
                   A        B        C        D        E       F      G
               +--------+--------+--------+--------+--------+-----+--------+
         Total |   3866 |   3785 |     81 |    129 |   2608 |   5 |  773.2 |
       Dungeon |   2816 |   2735 |     81 |      0 |   2044 |   4 |  704.0 |
         Sewer |   1050 |   1050 |      0 |    129 |    564 |   1 | 1050.0 |
               +--------+--------+--------+--------+--------+-----+--------+

Top non-repeatable levels by time:
   Sewer: 1050 daAuts
     D:2: 947 daAuts
     D:1: 791 daAuts
     D:4: 548 daAuts
     D:3: 529 daAuts
